Cogmind - Beta 13 @@@ ROGUE MODE // 2024.04.09 @ 11:27:37 Player: AntinDisguise Result: Destroyed by G-47 Trooper with Particle Gun Performance ------------- Evolutions (2) 1000 Regions Visited (3) 600 Robots Destroyed (70) 350 Value Destroyed (2205) 2205 Prototype IDs (5) 100 Alien Tech Used (0) 0 Bonus (272) 272 TOTAL SCORE: 4527 Bonus ------- High Alert Combat Kills 272 Cogmind --------- Core Integrity 0/550 Matter 280/300 Energy 35/100 System Corruption 0% Temperature Cool (18) Movement Treading (160) Location -8/Materials Parts ------- > --- POWER (2) -------- (None) > --- PROPULSION (3) --- Light Treads Improved Treads Improved Treads > --- UTILITY (3) ------ Improved Cooling System Medium Storage Unit > --- WEAPON (3) ------- (None) > --- INVENTORY (10) --- Light Treads Light Treads Armored Treads Armored Treads Peak State ------------ > --- POWER ------------ Cooled Ion Engine Light Deuterium Engine > --- PROPULSION ------- Light Treads Light Treads Light Treads > --- UTILITY ---------- Improved Cooling System Medium Storage Unit > --- WEAPON ----------- Heavy EM Shotgun Gauss Rifle Improved Grenade Launcher > --- INVENTORY -------- Light Nuclear Core Improved Deuterium Engine Light Treads Light Treads Improved Treads Improved Treads Armored Treads Heavy Particle Gun [Rating: 27] Favorites ----------- Power Light Deuterium Engine Engine Light Deuterium Engine Power Core Light Nuclear Core Propulsion Light Treads Treads Light Treads Leg Aluminum Leg Utility Medium Storage Unit Device Improved Heat Sink Storage Medium Storage Unit Protection Light Armor Plating Weapon Beam Rifle Energy Gun Beam Rifle Energy Cannon EM Pulse Cannon Ballistic Gun Gauss Rifle Ballistic Cannon Improved Light Cannon Launcher Improved Grenade Launcher Build | -11 -10 -9 -8 ------- Run | Yrd Mat Mat Mat Slots Evolved 4 | . . 2 2 Power 1 | . . 1 . Propulsion 1 | . . . 1 Utility 1 | . . 1 . Weapon 1 | . . . 1 Parts Attached 62 | 6 8 14 34 Power 11 | 1 1 4 5 Engine 9 | 1 1 4 3 Core 2 | . . . 2 Reactor . | . . . . Propulsion 18 | 2 2 1 13 Treads 16 | . 2 1 13 Leg 2 | 2 . . . Wheel . | . . . . Hover . | . . . . Flight . | . . . . Utility 9 | 1 2 3 3 Device 6 | . 1 2 3 Storage 2 | 1 1 . . Processor . | . . . . Hackware . | . . . . Protection 1 | . . 1 . Artifact . | . . . . Weapon 24 | 2 3 6 13 Energy Gun 13 | 1 2 3 7 Energy Cannon 2 | . . . 2 Ballistic Gun 2 | 1 . . 1 Ballistic Cannon 3 | . 1 2 . Launcher 4 | . . 1 3 Special Weapon . | . . . . Impact Weapon . | . . . . Slashing Weapon . | . . . . Piercing Weapon . | . . . . Special Melee Weapon . | . . . . Unidentified Prototypes 5 | . . 1 4 Parts Lost 35 | . 4 4 27 Power 6 | . 1 1 4 Propulsion 13 | . 2 1 10 Utility 3 | . . . 3 Weapon 13 | . 1 2 10 Highest Loss Streak 9 | . 4 2 9 To Critical Strikes 2 | . . . 2 Average Slot Usage (%) 90 | . 92 93 88 Engine 14 | . 13 17 13 Core 2 | . . . 3 Treads 19 | . 1 22 24 Leg 4 | . 25 . . Device 14 | . 9 17 14 Storage 10 | . 14 11 9 Protection 1 | . . 4 . Energy Gun 11 | . 14 11 11 Ballistic Gun 2 | . 4 . 2 Ballistic Cannon 3 | . 7 5 1 Launcher 4 | . . 4 5 Naked Turns . | . . . . Heaviest Build 40 | 12 20 31 40 Greatest Support 60 | 20 40 40 60 Greatest Overweight (x) 7 | . 6 . 7 Average Overweight (x) . | . . . . Largest Inventory Capacity 10 | 8 10 10 10 Average Capacity 9 | 6 8 10 10 Most Carried 10 | 5 4 10 10 Average Carried 6 | 2 2 6 7 Final Capacity 10 | 8 10 10 10 Final Carried 8 | 2 3 8 4 Class Distribution -------------------- 35% | Scavenger-Mutant 31% | Scavenger-Gunner 29% | Mutant Dominant Class ---------------- Mutant | -10/Materials Scavenger-Mutant | -9/Materials Scavenger-Gunner | -8/Materials Resources | -11 -10 -9 -8 ----------- Run | Yrd Mat Mat Mat Matter Collected 1460 | 223 175 147 915 Remotely . | . . . . Salvage Created 2050 | . 207 504 1339 Parts 135 | . 16 38 81 Haulers Intercepted 3 | . 1 1 1 Recyclers Shooed 2 | . 1 . 1 Parts Field Recycled . | . . . . Retrieved Matter . | . . . . Parts Self-Destructed . | . . . . Prevented . | . . . . Kills | -11 -10 -9 -8 ------- Run | Yrd Mat Mat Mat Combat Hostiles Destroyed 52 | . 5 12 35 Guns 23 | . 4 8 11 Cannons 5 | . 1 1 3 AOE 24 | . . 3 21 Classes Destroyed 14 | . 3 6 5 Worker 3 | . . 1 2 Builder 3 | . 1 . 2 Hauler 3 | . 1 1 1 Recycler 2 | . . . 2 Mechanic 2 | . . 2 . Operator 1 | . . 1 . Watcher 4 | . . 2 2 Swarmer 11 | . . 3 8 Grunt 23 | . 5 6 12 Brawler 1 | . . . 1 Sentry 13 | . . 3 10 Specialist 2 | . . . 2 Hunter 1 | . . . 1 Heavy 1 | . . . 1 Best Kill Streak 10 | . 2 5 10 Combat Bots Only 9 | . 2 5 9 Max Kills in Single Turn 5 | . 1 2 5 Gunslinging 1 | . . 1 1 Exploded 4 | . . 2 4 Melee . | . . . . Uniques/NPCs Destroyed . | . . . . Combat | -11 -10 -9 -8 -------- Run | Yrd Mat Mat Mat Hostile Shots Fired 476 | . 128 60 288 Missed 135 | . 35 19 81 Damage Taken 4825 | . 875 542 3408 Core 800 | . 178 59 563 Absorbed by Shields 241 | . . 111 130 Core Remaining (%) 71 | 100 28 85 . Volleys Fired 147 | . 42 41 64 Largest 3 | . 2 2 3 Hottest 159 | . 80 121 159 Shots Fired 283 | . 77 64 142 Gun 177 | . 51 47 79 Cannon 56 | . 26 4 26 Launcher 50 | . . 13 37 Special . | . . . . Kinetic 72 | . 38 4 30 Thermal 144 | . 39 47 58 Explosive 50 | . . 13 37 Electromagnetic 17 | . . . 17 Robot Hit Streak 17 | . 8 7 17 Robot Miss Streak 6 | . 5 6 4 Penetration Max . | . . . . Secondary Targets 2 | . . 1 1 Max Gunslinging Chain 1 | . . 1 1 Shots Hit Robots 185 | . 45 33 107 Core Hits 115 | . 13 22 80 Critical Kills . | . . . . Critical Parts Destroyed 1 | . . . 1 Critical Strikes 10 | . 2 6 2 Burn 7 | . . 6 1 Destroy 1 | . . . 1 Blast 2 | . 2 . . Melee Attacks . | . . . . Impact . | . . . . Slashing . | . . . . Piercing . | . . . . Sneak Attacks . | . . . . Combat Hostiles . | . . . . Follow-up Attacks . | . . . . Damage Inflicted 5480 | . 599 1033 3848 Guns 1721 | . 326 451 944 Cannons 760 | . 273 44 443 Explosions 2996 | . . 535 2461 Melee . | . . . . Ramming 3 | . . 3 . Kinetic 751 | . 334 44 373 Thermal 1539 | . 265 451 823 Explosive 2863 | . . 535 2328 Electromagnetic 324 | . . . 324 Impact . | . . . . Slashing . | . . . . Piercing . | . . . . Highest Corruption . | . . . . Average Corruption . | . . . . Corruption Purged . | . . . . Corruption Blocked . | . . . . Overload Shots . | . . . . Overflow Damage 90 | . . 78 12 Projectiles . | . . . . Explosions 90 | . . 78 12 Melee . | . . . . Knockbacks 4 | . 2 . 2 Impact . | . . . . Kinetic 4 | . 2 . 2 Secondary . | . . . . Self-Inflicted Damage 276 | . . 126 150 Shots 12 | . . 4 8 Rammed 1 | . . 1 . Targets Rammed 1 | . . 1 . Kicked . | . . . . Crushed . | . . . . Highest Temperature 168 | . 52 168 75 Average Temperature 31 | . 18 56 25 Received Heat Transfer 1831 | . 240 163 1428 Siege Activations . | . . . . Robots Corrupted 1 | . . . 1 Combat Hostiles . | . . . . Parts Fried 1 | . . . 1 Impact Corruptions . | . . . . Robots Melted . | . . . . Combat Hostiles . | . . . . Parts Melted 8 | . 1 3 4 Heat Transferred 3945 | . 600 1443 1902 Parts Sabotaged . | . . . . Parts Stolen . | . . . . Parts Stripped . | . . . . Power Chain Reactions 2 | . . . 2 Alert | -11 -10 -9 -8 ------- Run | Yrd Mat Mat Mat Peak Influence 859 | . 182 279 859 Initial 117 | . . . 117 Average 311 | . 54 140 481 Maximum Alert Level 3 | . . 1 3 Low Security (%) 41 | 100 100 74 5 Level 1 21 | . . 25 26 Level 2 32 | . . . 58 Level 3 5 | . . . 9 Level 4 . | . . . . Level 5 . | . . . . High Security . | . . . . Max Security . | . . . . Squads Dispatched 14 | . 4 2 8 Investigation 2 | . 2 . . Extermination . | . . . . Reinforcement 8 | . 2 2 4 Assault 1 | . . . 1 Garrison 3 | . . . 3 Intercept . | . . . . Searches Triggered . | . . . . Construction Impeded 2 | . . 1 1 Haulers Reinforced . | . . . . Active Scanning Responses . | . . . . Cargo Convoy Interrupts . | . . . . Stealth | -11 -10 -9 -8 --------- Run | Yrd Mat Mat Mat Distress Signals 2 | . . 1 1 Communications Jammed . | . . . . Distress Signals . | . . . . Times Spotted 88 | . 16 20 52 Peak Tracking Total 10 | . 5 4 10 Tactical Retreats 3 | . 1 . 2 Traps | -11 -10 -9 -8 ------- Run | Yrd Mat Mat Mat Traps Triggered . | . . . . Indirectly . | . . . . Trap Hack Attempts . | . . . . Triggered . | . . . . Disarmed . | . . . . Reprogrammed . | . . . . Reused . | . . . . Traps Extracted . | . . . . Installed . | . . . . Triggered . | . . . . Machines | -11 -10 -9 -8 ---------- Run | Yrd Mat Mat Mat Machines Disabled 12 | . 1 3 8 Max in Single Turn 1 | . 1 1 1 Garrison Access 1 | . . . 1 Machines Repaired . | . . . . Machines Dismantled . | . . . . Machines Sabotaged . | . . . . Overloaded Fab Kills . | . . . . Hacking | -11 -10 -9 -8 --------- Run | Yrd Mat Mat Mat Machines Accessed 5 | . 3 . 2 Terminals 3 | . 2 . 1 Fabricators . | . . . . Repair Stations . | . . . . Recycling Units 1 | . 1 . . Scanalyzers . | . . . . Garrison Access 1 | . . . 1 Total Hacks 12 | . 9 . 3 Successful 6 | . 4 . 2 Failed 6 | . 5 . 1 Catastrophic . | . . . . Database Lockouts . | . . . . Manual . | . . . . Terminals 8 | . 6 . 2 Fabricators . | . . . . Repair Stations . | . . . . Recycling Units 3 | . 3 . . Scanalyzers . | . . . . Garrison Access 1 | . . . 1 Terminal Hacks 3 | . 2 . 1 Emergency Access Points 1 | . 1 . . Alert Level 1 | . . . 1 Locate Traps 1 | . 1 . . Fabricator Hacks . | . . . . Repair Station Hacks . | . . . . Recycling Unit Hacks 2 | . 2 . . Retrieve Matter 2 | . 2 . . Scanalyzer . | . . . . Garrison Access Hacks 1 | . . . 1 Seal Access 1 | . . . 1 Unauthorized Hacks . | . . . . Terminals . | . . . . Fabricators . | . . . . Repair Stations . | . . . . Recycling Units . | . . . . Scanalyzers . | . . . . Garrison Access . | . . . . Data Cores Recovered . | . . . . Used . | . . . . Hacking Detections 3 | . 3 . . Full Trace Events 2 | . 2 . . Feedback Events . | . . . . Feedback Blocked . | . . . . Robot Schematics Acquired . | . . . . Robots Built . | . . . . Authchips . | . . . . Time . | . . . . Total Robot Build Rating . | . . . . Part Schematics Acquired . | . . . . Parts Built . | . . . . Authchips . | . . . . Time . | . . . . Total Part Build Rating . | . . . . Parts Repaired . | . . . . Time . | . . . . Parts Recycled . | . . . . Recycled Matter . | . . . . Retrieved Matter . | . . . . Retrieved Components . | . . . . Parts Scanalyzed . | . . . . Part Schematics Acquired . | . . . . Parts Damaged . | . . . . Bothacking | -11 -10 -9 -8 ------------ Run | Yrd Mat Mat Mat Used RIF Installer . | . . . . Robots Hacked . | . . . . Non-combat . | . . . . Combat . | . . . . Robot Hacks Applied . | . . . . Relay Couplers Released . | . . . . Fabnet Peak Effective % . | . . . . Robots Rewired . | . . . . Allies Hacked . | . . . . Hacks Repelled . | . . . . Allies | -11 -10 -9 -8 -------- Run | Yrd Mat Mat Mat Total Allies . | . . . . Largest Group . | . . . . Highest-Rated Group . | . . . . Highest-Rated Ally . | . . . . Total Orders . | . . . . Ally Attacks . | . . . . Total Damage . | . . . . Kills . | . . . . Allies Corrupted . | . . . . Allies Melted . | . . . . Intel | -11 -10 -9 -8 ------- Run | Yrd Mat Mat Mat Robot Analysis Total . | . . . . Derelict Logs Recovered . | . . . . Drone Launches . | . . . . Drone Recoveries . | . . . . Exploration | -11 -10 -9 -8 ------------- Run | Yrd Mat Mat Mat Turns Passed 2953 | 66 503 749 1635 Spaces Moved 1557 | 49 298 375 835 Core 11 | 9 1 . 1 Treads 1222 | . 13 375 834 Legs 324 | 40 284 . . Wheels . | . . . . Hover . | . . . . Flight . | . . . . Fastest Speed 50 | 50 120 160 160 Average Speed 151 | 107 123 160 160 Slowest Speed 400 | 120 350 160 400 Overloaded Moves . | . . . . Propulsion Burnouts . | . . . . Robots Hopped . | . . . . Cave-ins Triggered . | . . . . Exploration Rate (%) 34 | 5 41 30 62 Regions Visited 3 Branch Regions . Pre-discovered Areas . | . . . . Known Exits Taken . | . . . . Unknown Exits Taken 3 | 1 1 1 . Scrap Searched . | . . . . Spaces Dug . | . . . . Terrain Destroyed 339 | . . 139 200 Melee . | . . . . Projectile 2 | . . . 2 AOE 337 | . . 139 198 Terrain Rammed . | . . . . Walls Destroyed . | . . . . Machines Disabled . | . . . . Actions | -11 -10 -9 -8 --------- Run | Yrd Mat Mat Mat Total 1882 | 62 359 460 1001 Wait 36 | . 1 2 33 Move 1554 | 48 297 374 835 Hop . | . . . . Pick Up 63 | 8 8 20 27 Fast Attach . | . . . . Attach 41 | 6 4 7 24 Detach . | . . . . Swap 21 | . 4 7 10 Drop 19 | . 3 8 8 Fire 147 | . 42 41 64 Melee . | . . . . Ram . | . . . . Kick . | . . . . Crush 1 | . . 1 . Escape Stasis . | . . . . Rewire . | . . . . Trap . | . . . . Miscellaneous . | . . . . Route ------- -11/Scrapyard -10/Materials -9/Materials -8/Materials (discovered 1 exit: [*Fac]) History --------- Turn | Location | Event 15 | -11/Scrapyard | Discovered new exit (range 15) 67 | -11/Scrapyard | Entered Materials 302 | -10/Materials | Build established: Mutant 489 | -10/Materials | Discovered new exit (range 6) 542 | -10/Materials | Core integrity fell below 50% 570 | -10/Materials | Entered another Materials area 570 | -9/Materials | Evolved 2 slots: Power x1, Utility x1 574 | -9/Materials | Lost 4 parts (1p2n1w) 1057 | -9/Materials | Build established: Scavenger-Mutant 1235 | -9/Materials | Discovered new exit (range 9) 1319 | -9/Materials | Entered another Materials area 1319 | -8/Materials | Evolved 2 slots: Propulsion x1, Weapon x1 1571 | -8/Materials | Lost 7 parts (2p2n1u2w) 1573 | -8/Materials | Destroyed 9 combat bots 2154 | -8/Materials | Discovered new exit (range 15) 2287 | -8/Materials | Build established: Scavenger-Gunner 2429 | -8/Materials | Core integrity fell below 50% 2461 | -8/Materials | Lost 7 parts (3n2u2w) 2919 | -8/Materials | First assault squad dispatched 2938 | -8/Materials | Core integrity fell below 20% 2954 | -8/Materials | Destroyed by G-47 Trooper with Particle Gun Last Messages --------------- M-28 Smith unfolds itself. Lgt. Treads destroyed. K-01 Serf collects debris. Y-45 Defender destroyed. K-01 Serf collects debris. Cld. Ion Engine destroyed. M-28 Smith repairs K-01 Serf. Atomic Centrifuge disabled. Imp. Grenade Launcher destroyed. Lgt. Nuclear Core destroyed. Hvy. Particle Gun destroyed. K-01 Serf collects debris. Acquired 29 matter. Critical hit (Burn: +37). K-01 Serf collects debris. Acquired Lgt. Treads. M-28 Smith repairs Y-45 Defender. Lgt. Treads destroyed. Adv. Beam Cannon destroyed. K-01 Serf collects debris. Map ----- +----------------------------------------------------+ | | | | | | | | | | | | | | | | | | | | | | | | | | | | | ?????????????????????????????????????????????????? | | ?????????????????????????######??????????????????? | | ????????????????????????? ???????????????????? | | ??????????#"Y"???????????T" ????????????????????? | | ?????????? %?????????? ?????????????????????? | | ?????????# ??###### ##########?????????????? | | ?????????# ?# # #???????????? | | ?????????# # """ """ #???????????? | | ?????????# [g t [ "" """ #???????????? | | ??????? % g km*Yg "" """ ##??????????? | | ??????? k b #??????????? | | ???????? ##### b@ "T" #???????????? | | ????????####+??????# # """ #???????????? | | ???????????????????## g ## [#???????????? | | ????????????????????# ####+############+###### | | ????????????????????# | | ????????????????????# g | | ????????????????????#g | | ????????????????????# % | | ????????????????????# a | | ????????????????????# ########### ####+#####? | | ????????????????????# #?????????# # #? | | ????????????????????# #?????????# + """"" #? | | ????????????????????+ +?????????# # ""T"" #? | | ????????????????????# #?????????# # #? | | ????????????????????# ??????????# + #? | | ????????????????????# ??????????# # """ #? | | ????????????????????????????????????# # """ #? | | ????????????????????????????????????+ + """ #? | | ????????????????????????????????????#### #? | | ???????????????????????????????????????######+###? | | ????????????????????????????????????????????# #??? | | ??????????????????????????????????????####??# #??? | | ???????????????????????????????????####"T"### #### | | ???????????????????????????????????# | | ???????????????????????????????????# #### | +----------------------------------------------------+ Best States ------------- Heat Dissipation 58 Energy Generation 23 Energy Capacity 400 Matter Stores 300 Matter Capacity 300 Sight Range 16 Terrain Scan Density 10 Armor Coverage 150 Evasion (%) 55 Recoil Reduction 3 Item Schematics ----------------- None Robot Schematics ------------------ None Fabricated ------------ Nothing Alien Tech Used ----------------- None Achievements -------------- None Challenges ------------ None Game ------ Seed StealthExperimentalRefractor Manual? 0 Play Time 00:25:48 Cumulative 12.1 hours Start 2024.04.09 @ 11:01:12 End 2024.04.09 @ 11:27:37 Sessions 1 Manual Loads 0 Difficulty Rogue Special Mode None Game No. 29 Rogue 27 Adventurer 2 Explorer 0 Win Type - Total 0 Types 0/0/0/0/0/0/0/0/0 Lore% 8 Gallery% 22 Achievement% 16 Wizard Run 0 Options --------- Layout 1 ASCII 0 Keyboard 0 Movement Mouse Keybinds 0 Fullscreen 1 Font 16/SmallcapsGlow Map View 27x19 Zoom Use 100% Tactical HUD 0 Map Filters NONE Filters NONE Steam 1 RUN: a7489237-0a60-4577-b385-fa6ce9926f2d